 Dungeon Crawl Stone Soup version 0.20.1-1-g8b1a95d (webtiles) character file.

58 StormFighter the Skirmisher (level 4, -4/49 HPs)
             Began as an Ogre Hunter on July 8, 2017.
             Slain by a worker ant (5 damage)
             ... on level 3 of the Dungeon.
             The game lasted 00:02:34 (2147 turns).

StormFighter the Skirmisher (Ogre Hunter)           Turns: 2147, Time: 00:02:34

Health: -4/49      AC:  4    Str: 17    XL:     4   Next: 2%
Magic:  4/4        EV: 10    Int: 12    God:
Gold:   197        SH:  0    Dex:  9    Spells: 3/3 levels left

rFire    . . .     SeeInvis .   q - +0 dagger (elec)
rCold    . . .     Gourm    .   (no shield)
rNeg     . . .     Faith    .   p - +0 robe (curse)
rPois    .         Spirit   .   (helmet restricted)
rElec    .         Reflect  .   (no cloak)
rCorr    .         Harm     .   (gloves unavailable)
MR       .....                  (boots unavailable)
Stlth    +.........             (no amulet)
Regen    0.2/turn               e - +1 ring of protection
MPRegen  0.1/turn               (no ring)

@: no status effects
A: unfitting armour, tough skin 1
a: no special abilities


You were on level 3 of the Dungeon.
You were not hungry.

You visited 1 branch of the dungeon, and saw 3 of its levels.

You collected 197 gold pieces.

Inventory:

Hand Weapons
 q - a +0 dagger of electrocution (weapon)
 u - a +0 mace
Missiles
 c - a large rock (quivered)
 d - 2 throwing nets
Armour
 p - a cursed +0 robe (worn)
Jewellery
 e - a +1 ring of protection (left hand)
 t - a +5 ring of strength {unknown}
Scrolls
 g - a scroll of random uselessness {unknown}
 i - a scroll of magic mapping {unknown}
 k - 2 scrolls of remove curse {unknown}
 l - a scroll of amnesia {unknown}
 r - a scroll of identify {unknown}
 s - a scroll of teleportation {unknown}
Potions
 b - 2 potions of cancellation {unknown}
 h - a potion of brilliance {unknown}
 j - a potion of haste
 m - a potion of invisibility {unknown}
 o - a potion of curing {unknown}
Comestibles
 f - a bread ration


   Skills:
 + Level 4.9 Fighting
 * Level 1.3 Maces & Flails
 - Level 4.0 Throwing
 - Level 1.7 Dodging
 - Level 0.6 Stealth


You had 3 spell levels left.
You didn't know any spells.

Dungeon Overview and Level Annotations

Branches:
Dungeon (3/15)

Altars:
Sif Muna

Annotations:
D:3 Ijyb


Innate Abilities, Weirdness & Mutations

You are too large for most types of armour.
You have tough skin. (AC +1)


Message History

Throwing (i - inventory. (,) - cycle):
c - 3 large rocks (quivered)
Press: ? - help, Shift-Dir - straight line, f/p - Ijyb
Aim: Ijyb, wearing a ring mail You throw a large rock.
The large rock closely misses Ijyb.
The bat hits you but does no damage. The worker ant bites you!
* * * LOW HITPOINT WARNING * * *
The rat closely misses you. Ijyb barely misses you. The worker ant bites you.
* * * LOW HITPOINT WARNING * * *
The orc hits you with a flail.
* * * LOW HITPOINT WARNING * * *
The rat bites you.
* * * LOW HITPOINT WARNING * * *
The orc wizard casts a spell.
The orc wizard seems to speed up.
Throwing (i - inventory. (,) - cycle):
c - 2 large rocks (quivered)
Press: ? - help, Shift-Dir - straight line, f/p - Ijyb
Aim: Ijyb, wearing a ring mail You throw a large rock.
The large rock closely misses Ijyb.
The worker ant bites you.
You die...

#..o..... .....#o
..## #..... ...
######...####..###
....(...o........
##<<...#...#
........o.ob...####
######..(oaro......
#.....@#..
#...#.#g.....<
#.........(...
#.........####
#...####..(. #...
.###. #.. ## # #..


You could see Ijyb, a worker ant, an orc priest, 2 orc wizards, 2 orcs, a bat
and a rat.

Vanquished Creatures
  2 adders (D:2)
  An ooze (D:2)
  A dart slug (D:1)
  A leopard gecko (D:2)
  A ball python (D:1)
  3 bats
  3 giant cockroaches
  2 goblins (D:1)
  6 hobgoblins
  6 kobolds
  3 frilled lizards
  5 rats
34 creatures vanquished.

Notes
Turn   | Place    | Note
-------+----------+-------------------------------------------
     0 | D:1      | StormFighter the Ogre Hunter began the quest for the Orb.
     0 | D:1      | Reached XP level 1. HP: 22/22 MP: 1/1
   121 | D:1      | Reached XP level 2. HP: 26/32 MP: 2/2
   731 | D:1      | Reached XP level 3. HP: 31/40 MP: 3/3
  1420 | D:2      | Found a deep blue altar of Sif Muna.
  1592 | D:2      | Reached skill level 1 in Maces & Flails
  1875 | D:2      | Reached XP level 4. HP: 27/49 MP: 4/4
  2142 | D:3      | Noticed Ijyb
  2146 | D:3      | HP: 2/49 [orc/flail (5)]
  2147 | D:3      | Slain by a worker ant

Skill      XL: |  1  2  3 |
---------------+----------+-----
Fighting       | 3 4 |  4.9
Maces & Flails | 1 |  1.3
Throwing       | |  4.0
Dodging        | |  1.7
Stealth        | |  0.6

Action                   |  1- 3 |  4- 6 || total
-------------------------+-------+-------++-------
Melee: Short sword       |    39 |       ||    39
       Club              |    78 |       ||    78
       Dagger            |    37 |     1 ||    38
Throw: Large rock        |       |     4 ||     4
  Eat: Meat ration       |     1 |       ||     1
Armor: Robe              |    66 |     7 ||    73
Dodge: Dodged            |    94 |     7 ||   101
